 Dungeon Crawl Stone Soup version 0.24-a0-434-gd57e52fea8 (webtiles) character file.

Game seed: 9232577617469430295

22467 KristoblXynda the Carver (level 12, -3/141 HPs)
             Began as a White Draconian Gladiator on June 15, 2019.
             Was a Priest of Ashenzari.
             Slain by a blink frog (10 damage)
             ... on level 4 of the Lair of Beasts.
             The game lasted 00:39:47 (20587 turns).

KristoblXynda the Carver (DrGl)                    Turns: 20587, Time: 00:39:48

Health: -3/141     AC: 26    Str: 16    XL:     12   Next: 63%
Magic:  21/21      EV:  2    Int: 13    God:    Ashenzari [***...]
Gold:   742        SH:  5    Dex: 17    Spells: 13/24 levels left

rFire    . . .     SeeInvis +   K - +4 long sword (elec) (curse)
rCold    . . .     Gourm    +   y - +0 buckler
rNeg     + + +     Faith    .   (armour unavailable)
rPois    +         Spirit   .   (helmet currently unavailable)
rElec    .         Reflect  .   (cloak currently unavailable)
rCorr    .         Harm     .   (gloves currently unavailable)
MR       .....     NoTele   +   (boots currently unavailable)
Stlth    ++........             L - amulet of the gourmand
HPRegen  0.33/turn              M - +3 ring of dexterity (curse)
MPRegen  0.17/turn              (no ring)

@: tree-form (expiring)
A: (breathe frost), unfitting armour, AC +8
a: Curse Item, Scrying, Renounce Religion


You were on level 4 of the Lair of Beasts.
You worshipped Ashenzari.
Ashenzari was most pleased with you.
You were not hungry.
You were a tree.
You visited 4 branches of the dungeon, and saw 17 of its levels.
You also visited: Sewer and Ossuary.

You collected 930 gold pieces.
You spent 188 gold pieces at shops.

Inventory:

Hand Weapons
 K - a cursed +4 long sword of electrocution (weapon)
 R - the +11 plutonium sword {*Contam Stlth-}
   (You found it on level 3 of the Lair of Beasts)

   It causes magical contamination when unequipped.
   It makes you less stealthy.
Missiles
 b - 2 javelins
 c - 3 throwing nets
 u - 10 boomerangs (quivered)
Armour
 y - a +0 buckler (worn)
 A - a +0 cloak (melded)
 Q - the cursed +3 hat of Pondering (melded) {ponderous, MR+ MP+10 Int+5}
   (You took it off Gastronok on level 3 of the Lair of Beasts)

   It affects your intelligence (+5).
   It affects your resistance to hostile enchantments.
   It affects your magic capacity (+10).
   It has a curse placed upon it.
Jewellery
 s - an uncursed ring of flight
 L - an amulet of the gourmand (around neck)
 M - a cursed +3 ring of dexterity (left branch)
Wands
 e - a wand of disintegration (19)
 i - a wand of digging (17)
 J - a wand of paralysis (10)
Scrolls
 h - a scroll of fog
 l - 10 scrolls of remove curse
 n - a scroll of enchant armour
 o - 4 scrolls of teleportation
 q - a scroll of magic mapping
 w - a scroll of amnesia
 x - 3 scrolls of blinking
Potions
 a - 2 potions of berserk rage
 f - 4 potions of magic
 g - a potion of haste
 j - a potion of lignification
 k - 2 potions of might
 m - 2 potions of curing
 r - 6 potions of flight
 t - a potion of cancellation
 z - 5 potions of invisibility
 B - 2 potions of brilliance
 D - a potion of agility
 F - a potion of resistance {unknown}
 H - a potion of degeneration {unknown}
 I - 2 potions of ambrosia
 N - a potion of mutation
Comestibles
 d - 35 rations


   Skills:
 - Level 5.2 Fighting
 - Level 11.1(13.7) Long Blades
 - Level 7.3 Throwing
 + Level 9.6 Dodging
 - Level 4.4 Shields
 + Level 6.5 Spellcasting
 - Level 5.7 Hexes
   Level 3.6 Summonings
 * Level 3.5 Ice Magic
 - Level 5.1 Evocations


You had 13 spell levels left.
You knew the following spells:

 Your Spells              Type           Power        Failure   Level  Hunger
a - Silence               Hex/Air        ##........   80%         5    ######.
c - Freezing Cloud        Conj/Ice/Air   #.........   100%        6    #######

Your spell library contained the following spells:

 Spells                   Type           Power        Failure   Level  Hunger
 Confusing Touch          Hex            ###...       1%          1    None
 Corona                   Hex            ###....      1%          1    None
 Slow                     Hex            ###.....     2%          2    #......
 Summon Butterflies       Summ           ##......     3%          1    None
 Ensorcelled Hibernation  Hex/Ice        ###...       3%          2    #......
 Confuse                  Hex            ###.....     4%          3    ###....
 Tukima's Dance           Hex            ###.....     4%          3    ###....
 Call Imp                 Summ           ##......     5%          2    #......
 Call Canine Familiar     Summ           ##......     11%         3    ###....
 Dazzling Spray           Conj/Hex       ##....       14%         3    ###....
 Apportation              Tloc           #.....       16%         1    None
 Beastly Appendage        Tmut           #.....       16%         1    None
 Magic Dart               Conj           #...         16%         1    None
 Cause Fear               Hex            ###.......   16%         4    ####...
 Blink                    Tloc           N/A          24%         2    #......
 Sticks to Snakes         Tmut           #.......     24%         2    #......
 Summon Ice Beast         Ice/Summ       ##......     36%         4    ####...
 Conjure Flame            Conj/Fire      #.......     43%         3    ###....
 Gell's Gravitas          Tloc           #.........   43%         3    ###....
 Lesser Beckoning         Tloc           #.........   43%         3    ###....
 Mephitic Cloud           Conj/Pois/Air  #.......     43%         3    ###....
 Spider Form              Tmut/Pois      #.........   43%         3    ###....
 Metabolic Englaciation   Hex/Ice        ###.......   54%         5    ######.
 Summon Mana Viper        Hex/Summ       ###.....     54%         5    ######.
 Ice Form                 Ice/Tmut       #.......     61%         4    ####...
 Yara's Violent Unravell  Hex/Tmut       ##........   80%         5    ######.
 Petrify                  Tmut/Erth      #.......     85%         4    ####...
 Invisibility             Hex            ###.....     93%         6    #######
 Alistair's Intoxication  Tmut/Pois      #.......     99%         5    ######.
 Blade Hands              Tmut           #.........   99%         5    ######.
 Ozocubu's Refrigeration  Ice            ##........   99%         6    #######
 Bolt of Cold             Conj/Ice       #.........   100%        6    #######
 Deflect Missiles         Chrm/Air       #.........   100%        6    #######
 Simulacrum               Ice/Necr       #.........   100%        6    #######
 Summon Hydra             Summ           ##........   100%        7    #######
 Discord                  Hex            ###.......   100%        8    #######


Dungeon Overview and Level Annotations

Branches:
Dungeon (11/15)            Temple (1/1) D:6            Lair (4/6) D:9
  Swamp (0/4) Lair:3        Snake (0/4) Lair:2          Orc (1/2) D:10

Altars:
Ashenzari
Cheibriados
Dithmenos
Elyvilon
Fedhas
Gozag
Hepliaklqana
Kikubaaqudgha
Makhleb
Nemelex Xobeh
Okawaru
Qazlal
Ru
Sif Muna
Trog
Uskayaw
Vehumet
Wu Jian
Xom
Yredelemnul
Zin
The Shining One
Beogh

Shops:
D:8 =   D:9 }

Annotations:
D:5 Prince Ribbit
D:11 Psyche, Sonja


Innate Abilities, Weirdness & Mutations

((You can breathe waves of freezing cold.))
((You can buffet flying creatures when you breathe cold.))
((Your icy white scales are hard. (AC +8)))
You cannot fit into any form of body armour.
((Your flesh is cold resistant. (rC+)))
((You are cold-blooded and may be slowed by cold attacks.))


Message History

You barely miss the blink frog.
The blink frog is severely wounded.
The blink frog hits you but does no damage. x3
You slash the blink frog!
Lightning courses through the blink frog!
You kill the blink frog!
The blink frog hits you but does no damage. x2
You block the blink frog's attack.
Unknown command.
You slash the blink frog!
You kill the blink frog!
You block the blink frog's attack. The blink frog hits you!
* * * LOW HITPOINT WARNING * * *
The blink frog blinks!
Evoke which item? (* to show all) (? for menu, Esc to quit)
Aiming: Disintegrate
Press: ? - help, Shift-Dir - straight line, f - blink frog
Aim: a blink frog (chance to defeat MR: 69%)
The blink frog is blasted!!
The blink frog hits you!
You die...

, ,
#.............,
*,
#.............,
##.............
, , * , #
#.............
, ,
#.#...........#
,
#..........F.#
* #.....%†§FP#
#.....§§♣.#* ,
* #....§.§### *
#P.....### *
##....## * ,
#..... *,* * ,
, #...... , * ,
, , ......., ,
, , * ..#.### ,
, , , ,...# , *


You could see 2 blink frogs.

Vanquished Creatures
  Gastronok (Lair:3)
  Erolcha (D:11)
  A two-headed ogre (D:10)
  6 elephants
  A black mamba (Lair:2)
  3 spiny frogs
  A rime drake (Lair:3)
  A queen bee (Lair:2)
  A troll (D:10)
  A tyrant leech (Lair:3)
  7 blink frogs
  Grinder (D:5)
  4 hippogriffs
  A spriggan (D:7)
  2 wyverns
  23 yaks
  A hungry ghost (D:10)
  A warg (Lair:1)
  2 nagas (Lair:2)
  6 water moccasins
  8 porcupines
  3 orc warriors
  An eye of draining (D:9)
  2 black bears
  A phantom (D:6)
  2 sky beasts (D:11)
  5 ice beasts
  5 wolves (Lair:1)
  7 ogres
  5 crocodiles
  6 big kobolds
  12 bullfrogs
  Blork the orc (D:4)
  2 water moccasin zombies (Ossuary)
  5 scorpions
  30 killer bees
  4 wights (D:9)
  A howler monkey (D:5)
  2 electric eels
  A centaur zombie (D:6)
  A bullfrog zombie (D:9)
  9 orc priests
  Crazy Yiuf (D:7)
  6 hounds
  A jelly (D:7)
  3 bullfrog skeletons
  Jessica (D:3)
  Ijyb (D:3)
  2 iguanas
  8 orc wizards
  8 worker ants
  3 big kobold zombies (Ossuary)
  2 mummies (Ossuary)
  2 worker ant zombies
  Robin (D:4)
  7 gnolls
  9 adders
  A shadow imp (D:9)
  3 oozes
  6 adder zombies
  An adder skeleton (D:6)
  4 worms
  2 dart slugs (D:1)
  11 leopard geckos
  56 orcs
  10 bats
  11 giant cockroaches
  3 gnoll zombies (Ossuary)
  16 goblins
  12 hobgoblins
  3 jackals
  3 quokkas
  5 ball pythons
  5 frilled lizards
  5 hobgoblin zombies (Ossuary)
  A jackal zombie (D:6)
  25 kobolds
  9 kobold zombies (Ossuary)
  4 orc zombies (Ossuary)
  2 quokka skeletons (D:4)
  A quokka zombie (D:6)
  15 rats
447 creatures vanquished.

Vanquished Creatures (others)
  An orc wizard (D:5)
  An adder (D:6)
  47 fungi
  11 plants
60 creatures vanquished.

Grand Total: 507 creatures vanquished

Notes
Turn   | Place    | Note
-------+----------+-------------------------------------------
     0 | D:1      | KristoblXynda the Draconian Gladiator began the quest for
                  | the Orb.
     0 | D:1      | Reached XP level 1. HP: 17/17 MP: 1/1
   331 | D:1      | Reached XP level 2. HP: 11/25 MP: 2/2
   856 | D:1      | Reached XP level 3. HP: 26/30 MP: 3/3
  1534 | D:2      | Found a shattered altar of Ashenzari.
  1545 | D:2      | Became a worshipper of Ashenzari the Shackled
  1616 | D:2      | Reached XP level 4. HP: 38/38 MP: 4/4
  1827 | D:2      | Found a shimmering altar of Xom.
  2091 | D:3      | Found a glowing drain.
  2129 | Sewer    | Entered a sewer
  2567 | Sewer    | Noticed a big kobold
  2568 | Sewer    | Noticed a big kobold
  2599 | Sewer    | Killed a big kobold
  2599 | Sewer    | Reached skill level 4 in Long Blades
  2599 | Sewer    | Reached XP level 5. HP: 12/45 MP: 5/5
  2803 | Sewer    | Reached XP level 6. HP: 32/52 MP: 6/6
  3190 | D:3      | Found a sacrificial altar of Ru.
  3869 | D:3      | Noticed Ijyb
  3902 | D:3      | Killed Ijyb
  4091 | D:3      | Noticed Jessica
  4103 | D:3      | Killed Jessica
  4103 | D:3      | Your scales start taking on an icy white colour.
  4103 | D:3      | Reached XP level 7. HP: 52/60 MP: 7/7
  4103 | D:3      | Gained mutation: Your flesh is cold resistant. (rC+) [White
                  | Draconian growth]
  4109 | D:3      | Found a deep blue altar of Sif Muna.
  4109 | D:3      | Found a stormy altar of Qazlal.
  4231 | D:4      | Found an iron altar of Okawaru.
  4245 | D:4      | Noticed Robin
  4262 | D:4      | Killed Robin
  4718 | D:4      | Found a radiant altar of Vehumet.
  4718 | D:4      | Found a burning altar of Makhleb.
  4719 | D:4      | Found an ancient bone altar of Kikubaaqudgha.
  4874 | D:4      | Reached skill level 5 in Long Blades
  5035 | D:4      | Noticed Blork the orc
  5041 | D:4      | Reached skill level 5 in Fighting
  5045 | D:4      | Killed Blork the orc
  5616 | D:4      | Reached skill level 1 in Evocations
  5616 | D:4      | Reached XP level 8. HP: 52/68 MP: 8/8
  5630 | D:4      | Reached skill level 6 in Long Blades
  5630 | D:4      | Reached skill level 5 in Dodging
  5948 | D:5      | Entered Level 5 of the Dungeon
  6264 | D:5      | Noticed Grinder
  6267 | D:5      | Paralysed by Grinder for 3 turns
  6276 | D:5      | Paralysed by Grinder for 5 turns
  6283 | D:5      | Killed Grinder
  6509 | D:5      | Noticed Prince Ribbit
  6537 | D:5      | Reached skill level 5 in Throwing
  6769 | D:5      | Reached skill level 7 in Long Blades
  7151 | D:6      | Reached XP level 9. HP: 74/74 MP: 11/11
  7184 | D:6      | Found a staircase to the Ecumenical Temple.
  7201 | D:6      | Reached skill level 1 in Shields
  7570 | D:6      | Found an ornate altar of the Wu Jian Council.
  7900 | D:6      | Reached skill level 8 in Long Blades
  8304 | D:6      | Reached * piety under Ashenzari
  8466 | Temple   | Entered the Ecumenical Temple
  8787 | D:7      | Found a shadowy altar of Dithmenos.
  9294 | D:7      | Found a runed translucent door.
  9295 | D:7      | Noticed Crazy Yiuf
  9408 | D:7      | Killed Crazy Yiuf
  9452 | D:8      | Found Bausotto's Jewellery Boutique.
  9476 | D:8      | Reached skill level 9 in Long Blades
  9554 | D:8      | Found a sand-covered staircase.
  9562 | Ossuary  | Entered an ossuary
 10251 | D:8      | Reached XP level 10. HP: 68/81 MP: 13/13
 10352 | D:8      | Found a roughly hewn altar of Beogh.
 10528 | D:8      | Bought a +3 ring of dexterity for 188 gold pieces
 10905 | D:9      | Found Veptorha's Gadget Shop.
 10937 | D:9      | Reached skill level 5 in Evocations
 11345 | D:9      | Learned a level 5 spell: Silence
 11540 | D:9      | Found a staircase to the Lair.
 11733 | D:9      | Reached skill level 1 in Spellcasting
 12040 | D:9      | Reached skill level 10 in Long Blades
 12285 | D:9      | Found a basalt altar of Yredelemnul.
 12336 | D:9      | Found a white marble altar of Elyvilon.
 12449 | D:10     | Entered Level 10 of the Dungeon
 12639 | D:10     | Reached skill level 1 in Hexes
 12668 | D:10     | Noticed a two-headed ogre
 12683 | D:10     | Killed a two-headed ogre
 12944 | D:10     | Found a staircase to the Orcish Mines.
 12964 | D:10     | Found a roughly hewn altar of Beogh.
 13623 | D:10     | Reached ** piety under Ashenzari
 13825 | Orc:1    | Entered Level 1 of the Orcish Mines
 14167 | D:11     | Noticed Erolcha
 14190 | D:11     | Noticed Sonja
 14192 | D:11     | Killed Erolcha
 14192 | D:11     | Reached XP level 11. HP: 42/88 MP: 14/16
 14192 | D:11     | Noticed a white ugly thing
 14193 | D:11     | Noticed Psyche
 14198 | D:11     | HP: 4/88 [asphyx]
 14538 | Lair:1   | Entered Level 1 of the Lair of Beasts
 15238 | Lair:1   | Identified the +1 trident of Chagrin {antimagic, rN+}
 17125 | Lair:2   | Reached skill level 11 in Long Blades
 17342 | Lair:2   | Found a staircase to the Snake Pit.
 17428 | Lair:2   | Learned a level 7 spell: Summon Hydra
 17502 | Lair:2   | Reached skill level 5 in Spellcasting
 17775 | Lair:2   | Reached skill level 1 in Summonings
 17810 | Lair:2   | Reached XP level 12. HP: 86/94 MP: 19/19
 17846 | Lair:2   | Reached skill level 5 in Hexes
 18947 | Lair:3   | Noticed Gastronok
 18970 | Lair:3   | Killed Gastronok
 19626 | Lair:3   | Found a staircase to the Swamp.
 19778 | Lair:3   | Learned a level 6 spell: Freezing Cloud
 19797 | Lair:3   | Reached *** piety under Ashenzari
 19850 | Lair:3   | Found the +11 plutonium sword {*Contam Stlth-}
 20542 | Lair:4   | Reached skill level 1 in Ice Magic
 20577 | Lair:4   | HP: 6/141 [blink frog (3)]
 20586 | Lair:4   | HP: 6/141 [blink frog (10)]
 20587 | Lair:4   | Slain by a blink frog

Levels and vault maps discovered:
D:1:      lemuel_arrival_tunnels, layout_basic, lexackson_kobold_supper
D:2:      layout_loops_ring, old_standard_altar, tgw_xom
D:3:      layout_basic, nicolae_ru_great_annihilating_truth,
          gammafunk_temple_overflow_wave, portal_sewer_entry_f, uniq_ijyb,
          uniq_jessica
D:4:      layout_loops_ring, kennysheep_mini_moat,
          gammafunk_temple_overflow_claw, first_ration, grunt_ministairs_9,
          uniq_blork_the_orc, uniq_robin
D:5:      layout_rooms, uniq_grinder, uniq_prince_ribbit1
D:6:      layout_basic, lemuel_crystal_altar, minmay_temple_entry_mini_moons,
          kennysheep_boxes
D:7:      layout_rooms, marbit_many_paths, the_bakery, uniq_crazy_yiuf_cottage
D:8:      layout_rooms, special_room [special_room_orc], serial_shops, shop,
          nicolae_ossuary_entry_plus
D:9:      layout_long_grid, kennysheep_ying_yang, due_lair_maze_entry_diamond,
          kennysheep_windowed_goal
D:10:     layout_irregular_city, minmay_orc_entry_temple_small
D:11:     layout_cave_pools, lightli_orcish_oven, uniq_erolcha, uniq_psyche,
          uniq_sonja
Temple:   nicolae_temple_figure_zero
Lair:1:   beast_lair_carwin_large_1, layout_gridlike
Lair:2:   layout_roguey [special_room_bee], guppyfry_snake_entry_island,
          nicolae_quartered_pool_super
Lair:3:   layout_regular_city, minmay_swamp_entry_worms, uniq_gastronok
Lair:4:   layout_cave_pods
Orc:1:    orc_temple, layout_caves, serial_shops, shop,
          ebering_ghost_reflecting_pool

Skill      XL: |  1  2  3  4  5  6  7  8  9 10 11 12 |
---------------+-------------------------------------+-----
Throwing       | 2 3 4 5 7 |  7.3
Dodging        | 3 4 5 6 7 8 9 |  9.6
Fighting       | 3 4 5 |  5.2
Long Blades    | 4 5 7 9 10 11 | 11.1
Evocations     | 1 3 4 5 |  5.1
Shields        | 3 4 |  4.4
Spellcasting   | 3 5 6 |  6.5
Hexes          | 2 4 5 |  5.7
Summonings     | 1 3 |  3.6
Ice Magic      | 3 |  3.5

Action                   |  1- 3 |  4- 6 |  7- 9 | 10-12 || total
-------------------------+-------+-------+-------+-------++-------
Melee: Long sword        |   134 |   205 |   574 |   756 ||  1669
       Tailslap          |    19 |    25 |    98 |   124 ||   266
Throw: Boomerang         |       |       |    27 |    81 ||   108
Invok: Curse Item        |       |       |     1 |     3 ||     4
 Abil: Breathe Frost     |       |       |    17 |    21 ||    38
Evoke: Wand              |       |       |     1 |    16 ||    17
  Use: Potion            |       |     5 |     1 |     7 ||    13
       Scroll            |       |     5 |     8 |    17 ||    30
 Stab: Sleeping          |     1 |       |     3 |     1 ||     5
       Paralysed         |       |     1 |       |       ||     1
       Distracted        |       |       |     1 |       ||     1
  Eat: Chunk             |     2 |     9 |    15 |    50 ||    76
       Ration            |       |       |     3 |       ||     3
Armor: Skin              |    48 |    99 |   146 |   200 ||   493
Dodge: Dodged            |   114 |   167 |   362 |   478 ||  1121
Block: Buckler           |       |       |    59 |   168 ||   227
       Rpst.: Long sword |    39 |    42 |    99 |   132 ||   312

Table legend:
 A = Non-vault XP
 B = Vault XP
 C = Vault XP percentage of total XP
 D = Non-vault monster count
 E = Vault monster count
 F = Vault count percentage of total count
                 A         B        C        D         E       F
            +---------+---------+-------+---------+---------+-------
      Total |   22229 |    9867 |  30.7 |     263 |     184 |  41.2
            +---------+---------+-------+---------+---------+-------
        D:1 |      38 |      15 |  28.3 |      22 |       8 |  26.7
        D:2 |      51 |       7 |  12.1 |      27 |       5 |  15.6
        D:3 |      45 |     126 |  73.7 |      11 |      12 |  52.2
        D:4 |     769 |     172 |  18.3 |      32 |      16 |  33.3
        D:5 |     541 |     262 |  32.6 |      11 |       1 |   8.3
        D:6 |    1508 |       0 |   0.0 |      27 |       0 |   0.0
        D:7 |     544 |     262 |  32.5 |      15 |       2 |  11.8
        D:8 |     603 |     112 |  15.7 |      16 |      24 |  60.0
        D:9 |    1071 |    1085 |  50.3 |      16 |      11 |  40.7
       D:10 |    1760 |     324 |  15.5 |       9 |      13 |  59.1
       D:11 |     828 |    1027 |  55.4 |      14 |       1 |   6.7
     Lair:1 |    1889 |     931 |  33.0 |      11 |      10 |  47.6
     Lair:2 |    9091 |    2113 |  18.9 |      37 |      27 |  42.2
     Lair:3 |     714 |    2628 |  78.6 |       3 |       2 |  40.0
     Lair:4 |    2777 |       0 |   0.0 |      12 |       0 |   0.0
      Sewer |       0 |     483 | 100.0 |       0 |      21 | 100.0
    Ossuary |       0 |     320 | 100.0 |       0 |      31 | 100.0
            +---------+---------+-------+---------+---------+-------
